 Dungeon Crawl Stone Soup version 0.30.1-11-g7821555f0a (webtiles) character file.

Game seed: 5698618687424814944

43 ChrisAssaf the Digger (level 3, -3/14 (16) HPs)
             Began as a Vine Stalker Earth Elementalist on Jan 6, 2024.
             Slain by Terence
             ... wielding the +7 Throatcutter {drain, coup de grace}
              (8 damage)
             ... on level 3 of the Dungeon.
             The game lasted 00:04:02 (936 turns).

ChrisAssaf the Digger (VSEE)                         Turns: 936, Time: 00:04:02

HP:   -3/14 (16)    AC:  2    Str: 10    XL:     3   Next: 58%
MP:   0/7           EV: 12    Int: 17    God:
Gold: 77            SH:  0    Dex: 14    Spells: 1/7 levels left

rFire   . . .        e - +0 short sword
rCold   . . .        (no shield)
rNeg    . . .        a - +0 robe
rPois   .            (no helmet)
rElec   .            (no cloak)
rCorr   .            (no gloves)
SInv    .            (no boots)
Will    .....        (no amulet)
Stlth   ++           (no ring)
HPRegen 0.22/turn    (no ring)
MPRegen 0.10/turn

%: guardian spirit
@: about to teleport, very slightly contaminated, heavily drained
A: fangs 2, magic shield, antimagic bite, no potion heal 2
a: no special abilities


You were on level 3 of the Dungeon.
You visited 1 branch of the dungeon, and saw 3 of its levels.

You collected 77 gold pieces.

Inventory:

Hand Weapons
 e - a +0 short sword (weapon)
Armour
 a - a +0 robe (worn)
Potions
 c - a potion of flight
 d - a potion of brilliance
 g - 2 potions of curing {unknown}


   Skills:
 * Level 0.2 Fighting
 * Level 0.2 Short Blades
 * Level 0.5 Armour
 * Level 1.7 Dodging
 * Level 2.6 Stealth
 * Level 2.6 Spellcasting
 * Level 1.2 Transmutations
 * Level 3.6 Earth Magic


You had one spell level left.
You knew the following spells:

 Your Spells              Type           Power      Damage    Failure   Level
a - Sandblast             Erth           28%        2d8       4%          1
b - Passwall              Tmut/Erth      8%         N/A       10%         2
c - Stone Arrow           Conj/Erth      16%        3d8       26%         3

Your spell library contained the following spells:

 Spells                   Type           Power      Damage    Failure   Level
 Cigotuvi's Dreadful Rot  Necr/Pois/Air  4%         N/A       28%         2
 Petrify                  Tmut/Erth      10%        N/A       54%         4
 Dispel Undead            Necr           2%         3d7       88%         4
 Death Channel            Necr           1%         N/A       100%        6


Dungeon Overview and Level Annotations

Branches:
Dungeon (3/15)

Altars:
Ashenzari

Shops:
D:1 (

Annotations:
D:3 Terence


Innate Abilities, Weirdness & Mutations

You have extremely sharp teeth.
When hurt, damage is shared between your health and your magic reserves.
Your bite disrupts and absorbs the magic of your enemies.
Potions cannot restore your health.


Message History

Aiming: Stone Arrow (astonishingly dangerous; 26% risk of failure)
Press: ? - help, Q - select action, (/) - cycle Shift-Dir - straight line, f - Terence
Aim: Terence, wielding the +7 Throatcutter {drain, coup de grace}, wearing a +0 scale mail and carrying a wand of roots (8) (69% to hit)
The stone arrow hits Terence!
Terence is severely wounded.
Unknown command.
Aiming: Stone Arrow (astonishingly dangerous; 26% risk of failure)
Press: ? - help, Q - select action, (/) - cycle Shift-Dir - straight line, f/p - Terence
Aim: Terence, wielding the +7 Throatcutter {drain, coup de grace}, wearing a +0 scale mail and carrying a wand of roots (8) (severely wounded, 69% to hit)
You miscast Stone Arrow.
You are very lightly contaminated with residual magic.
Nothing appears to happen.
Terence zaps a wand.
The roots erupt in riotous growth!
The grasping roots grab you! The grasping roots constrict you.
Unknown command.
Magic courses through your body. The grasping roots constrict you.
The grasping roots release their grip on you.
Aiming: Stone Arrow (astonishingly dangerous; 26% risk of failure)
Press: ? - help, Q - select action, (/) - cycle Shift-Dir - straight line, f/p - Terence
Aim: Terence, wielding the +7 Throatcutter {drain, coup de grace}, wearing a +0 scale mail and carrying a wand of roots (7) (severely wounded, 69% to hit)
You miscast Stone Arrow.
Nothing appears to happen.
Unknown command.
Casting: Stone Arrow (astonishingly dangerous; 26% risk of failure)
Confirm with . or Enter, or press ? or * to list all spells.
Aiming: Sandblast (safe; 4% risk of failure)
Press: ? - help, Shift-Dir - straight line, f/p - Terence
Aim: Terence, wielding the +7 Throatcutter {drain, coup de grace}, wearing a +0 scale mail and carrying a wand of roots (7) (severely wounded, 84% to hit)
The blast of sand hits Terence.
Terence is almost dead.
Terence hits you with the +7 Throatcutter {drain, coup de grace}.
You feel drained. Magic courses through your body.
Terence hits you with the +7 Throatcutter {drain, coup de grace}.
You feel drained.
As you read the scroll of teleportation, it crumbles to dust.
You feel strangely unstable.
Terence hits you with the +7 Throatcutter {drain, coup de grace}!
Ouch! That really hurt!
You die...

#.......##.........#
#########
#.......#..#...###.#
#........##...# #.#
#.......###...# #.#
######.## #...###.####
#.####..........#
#....#..#.......#
####.......>....# ##
#<.##.@@.....#
##8###8###..###.......#
..........(..†........#
......................#
...............########
##8###8##......# # ##
#......# #......#
#...(..#


You could see Terence.

Vanquished Creatures
  Natasha (D:3)
  2 ball pythons (D:3)
  3 goblins
  A hobgoblin (D:2)
  2 bats
  2 frilled lizards
  5 kobolds
  4 rats (D:1)
20 creatures vanquished.

Notes
Turn   | Place    | Note
-------+----------+-------------------------------------------
     0 | D:1      | ChrisAssaf the Vine Stalker Earth Elementalist began the
                  | quest for the Orb.
     0 | D:1      | Reached XP level 1. HP: 9/9 MP: 4/4
   199 | D:1      | Found Juolicvu's Antique Weapon Shop.
   221 | D:1      | Reached XP level 2. HP: 13/13 MP: 6/6
   224 | D:1      | Learned a level 2 spell: Passwall
   273 | D:1      | You fall into a shaft and drop 1 floor!
   647 | D:2      | Found a broken altar of Ashenzari.
   813 | D:3      | Noticed Natasha
   815 | D:3      | Killed Natasha
   816 | D:3      | Reached XP level 3. HP: 16/16 MP: 4/7
   820 | D:3      | Learned a level 3 spell: Stone Arrow
   926 | D:3      | Noticed Terence
   936 | D:3      | Slain by Terence

Illustrated notes

Levels and vault maps discovered:
D:1:      lemuel_arrival_cross, layout_rooms, serial_shops, shop,
          hangedman_decor_points
D:2:      layout_basic, basic_altar
D:3:      layout_rooms, serial_corexii_hall, corexii_hall_statues_i,
          corexii_hall_statues_x, biasface_ghost_orc_armoury,
          nrook_loot_triangle, uniq_terence, uniq_crazy_yiuf_cottage,
          uniq_natasha

Action                     || total
---------------------------++-------
  Melee: Short sword       ||     5
         Bite              ||     1
   Cast: Sandblast         ||    20
         Stone Arrow       ||     1
    Use: Scroll            ||     6
         Potion            ||     2
   Stab: Sleeping          ||     3
 Armour: Robe              ||     1
  Dodge: Dodged            ||     3
